 Dungeon Crawl Stone Soup version 0.30.1-3-gfc49f6343a (webtiles) character file.

Game seed: 9998468289535032703

62 sampeng1 the Shield-Bearer (level 4, -6/35 HPs)
             Began as a Human Fighter on July 30, 2023.
             Killed from afar by Sigmund (9 damage)
             ... with a puff of flame
             ... on level 2 of the Dungeon.
             The game lasted 00:04:10 (1536 turns).

sampeng1 the Shield-Bearer (Human Fighter)          Turns: 1536, Time: 00:04:11

Health: -6/35      AC:  8    Str: 18    XL:     4   Next: 28%
Magic:  4/4        EV:  9    Int:  8    God:
Gold:   32         SH:  5    Dex: 13    Spells: 3/3 levels left

rFire   . . .        a - +0 war axe
rCold   . . .        c - +0 buckler
rNeg    . . .        b - +0 scale mail
rPois   .            (no helmet)
rElec   .            (no cloak)
rCorr   .            g - +0 pair of gloves
SInv    .            (no boots)
Will    .....        (no amulet) Stlth
                     (no ring)
HPRegen 0.25/turn    (no ring)
MPRegen 0.09/turn

%: no passive effects
@: no status effects
A: no striking features
a: no special abilities


You were on level 2 of the Dungeon.
You visited 1 branch of the dungeon, and saw 2 of its levels.

You collected 32 gold pieces.

Inventory:

Hand Weapons
 a - a +0 war axe (weapon)
Missiles
 d - 2 atropa-tipped darts (quivered)
 e - 5 poisoned darts
 k - 5 curare-tipped darts
Armour
 b - a +0 scale mail (worn)
 c - a +0 buckler (worn)
 g - a +0 pair of gloves (worn)
Scrolls
 f - 2 scrolls of noise {unknown}


   Skills:
 + Level 3.5 Fighting
 + Level 2.7 Axes
 + Level 3.4 Armour
 + Level 3.5 Shields


You had 3 spell levels left.
You didn't know any spells.
Your spell library was empty.

Dungeon Overview and Level Annotations

Branches:
Dungeon (2/15)

Altars:

Annotations:
D:2 Sigmund


Message History

Something hits you.
You hit the quokka.
You kill the quokka!
You hit the adder. You barely miss something.
The adder bites you but does no damage. x2
You have reached level 4!
You feel agile.
You slash the adder!
You kill the adder!
You closely miss something. You barely miss the worm.
You block something's attack. You block the worm's attack.
You hit the worm.
The worm is moderately wounded.
You barely miss something. You block the bat's attack.
Something hits you but does no damage. You block the worm's attack.
You hit the worm.
The worm is severely wounded.
You closely miss something. The bat hits you but does no damage.
You hear some strange, mumbled words.
Something tries to affect you, but you resist.
Something hits you! The worm bites you.
You slash the worm!
You kill the worm!
You hit the bat.
You kill the bat!
You closely miss something. Something hits you.
You slash something! Something hits you.
* * * LOW HITPOINT WARNING * * *
You miss something. Something hits you but does no damage.
You miss something. Something hits you.
* * * LOW HITPOINT WARNING * * *
You barely miss something. You barely miss something.
You block something's attack.
You barely miss something. Something hits you.
* * * LOW HITPOINT WARNING * * *
You miss something.
You hear some strange, mumbled words.
A puff of flame appears from out of thin air!
The puff of flame hits you!
You die...

#.......#
#)......#
#..).....
#....#####
#....####### #
#..........#.###..
#....#####.......)
#....####..####.#.
#######§@†##
#.§{§†.#
#........?.#
.............
......[......#
.............#
...............
##..........[..


There were no monsters in sight!

Vanquished Creatures
  An adder (D:2)
  A worm (D:2)
  A dart slug (D:1)
  An endoplasm (D:1)
  A giant cockroach (D:1)
  6 goblins
  4 hobgoblins
  9 jackals
  3 quokkas
  3 ball pythons (D:1)
  4 bats (D:2)
  2 frilled lizards (D:1)
  3 kobolds
  3 rats
42 creatures vanquished.

Notes
Turn   | Place    | Note
-------+----------+-------------------------------------------
     0 | D:1      | sampeng1 the Human Fighter began the quest for the Orb.
     0 | D:1      | Reached XP level 1. HP: 18/18 MP: 1/1
    21 | D:1      | Reached XP level 2. HP: 4/24 MP: 2/2
   520 | D:1      | Reached XP level 3. HP: 14/29 MP: 3/3
   899 | D:1      | Found a faded altar of an unknown god.
  1517 | D:2      | Noticed Sigmund
  1526 | D:2      | Reached XP level 4. HP: 23/35 MP: 4/4
  1536 | D:2      | Killed from afar by Sigmund

Illustrated notes

Levels and vault maps discovered:
D:1:      scummos_arrival_hexagon, layout_basic,
          shapermc_ecumenical_altar_flowoftime, serial_forest,
          infiniplex_forest_clump_double, infiniplex_forest_clump_curved,
          infiniplex_forest_clump_small, infiniplex_forest_corner_1,
          infiniplex_forest_fountain, infiniplex_forest_clump_small,
          chequers_big_river, minmay_misc_feat_enclosed,
          minmay_misc_feat_hallway
D:2:      layout_rooms, basic_altar, uniq_terence, uniq_sigmund

Action                     |  1- 3 |  4- 6 || total
---------------------------+-------+-------++-------
  Melee: War axe           |   127 |    11 ||   138
    Use: Potion            |     4 |       ||     4
         Scroll            |     6 |       ||     6
 Armour: Scale mail        |    67 |     3 ||    70
  Dodge: Dodged            |    44 |       ||    44
  Block: Buckler           |    28 |     5 ||    33
